AoeStats
← Bardamu_666

Arabia

503168652Analyzed
2v2 RM · 1mo ago on Aug 30, 2026· 46m 37s· 4 players
Game mode
Random Map
Map size
Medium (4 player)
Population
200
Speed
Normal
Resources
Standard
Victory
Conquest
Starting age
Dark Age
Ending age
Imperial Age
RankedLock teamsTeams togetherTeam positionsShared explorationLock speedFull tech treeHidden civsTurbo modeCheats
Victory
Defeat
🇪🇸 Vietnamese · Spain
871
+7
🇪🇸 Mongols · Spain
602
+19
🇨🇳 Persians · China
681
-13
🇳🇴 Huns · Norway
649
-12
OMEN 7776698
1:44 Loom
13:01 Feudal Age
14:23 Wheelbarrow
13:42 Double-Bit Axe
16:06 Horse Collar
18:15 Town Watch
18:52 Stone Mining
21:14 Gold Mining
24:25 Castle Age
23:46 Bloodlines
27:18 Fervor
29:09 Hand Cart
29:15 Hand Cart
29:00 Town Patrol
31:51 Gold Shaft Mining
34:16 Imperial Age
31:59 Heavy Plow
32:39 Bow Saw
36:30 Two-Man Saw
36:16 Scale Barding Armor
36:23 Forging
36:17 Husbandry
36:27 Bloodlines
37:35 Chain Barding Armor
37:48 Conscription
40:09 Elite Skirmisher
41:00 Padded Archer Armor
40:51 Fletching
42:04 Chemistry
41:01 Murder Holes
43:17 Bodkin Arrow
43:38 Leather Archer Armor
44:28 Bracer
44:57 Thumb Ring
止春山
10:32 Feudal Age
13:46 Horse Collar
13:55 Double-Bit Axe
15:39 Wheelbarrow
19:43 Castle Age
18:09 Gold Mining
20:41 Hand Cart
20:21 Stone Mining
21:08 Gold Shaft Mining
20:36 Heavy Plow
20:48 Bow Saw
26:45 Stone Shaft Mining
28:19 Kamandaran
30:23 Thumb Ring
32:05 Ballistics
36:00 Imperial Age
33:57 Crossbowman
37:42 Chemistry
40:54 Light Cavalry
41:45 Bloodlines
41:36 Husbandry
43:13 Two-Man Saw
42:46 Crop Rotation
wisimax
4:41 Loom
10:05 Feudal Age
16:42 Horse Collar
18:00 Double-Bit Axe
20:04 Fletching
22:58 Castle Age
24:11 Wheelbarrow
24:56 Bow Saw
25:58 Hand Cart
26:32 Heavy Plow
28:54 Town Watch
32:25 Imperial Age
30:23 Town Patrol
33:09 Chatras
34:24 Two-Man Saw
33:57 Crop Rotation
33:20 Gold Mining
33:20 Stone Mining
34:34 Bloodlines
35:58 Forging
35:58 Elite Skirmisher
36:39 Bodkin Arrow
36:44 Padded Archer Armor
37:13 Imperial Skirmisher
38:56 Chemistry
38:53 Thumb Ring
43:18 Elite Battle Elephant
44:05 Scale Barding Armor
Bardamu_666
11:42 Feudal Age
14:56 Double-Bit Axe
26:02 Castle Age
27:46 Caravan
27:42 Gold Mining
28:05 Bow Saw
27:38 Horse Collar
31:27 Scale Barding Armor
31:31 Fletching
35:45 Gold Shaft Mining
40:47 Imperial Age
44:22 Bloodlines
43:34 Elite Steppe Lancer
Connection lost

Rejoining the realm…

Still unreachable

The connection could not be restored.

Session expired

The server has moved on; the page needs a fresh start.